 Dungeon Crawl Stone Soup version 0.28.0-45-g0d030f2227 (webtiles) character file.

Game seed: 17118338085782398448

665 Kziril the Skirmisher (level 7, -5/45 HPs)
             Began as a Gargoyle Cinder Acolyte on Apr 19, 2022.
             Was an Initiate of Ignis.
             Slain by an orc warrior
             ... wielding a +0 flail
              (11 damage)
             ... on level 6 of the Dungeon.
             The game lasted 00:12:45 (5629 turns).

Kziril the Skirmisher (Gargoyle Cinder Acolyte)     Turns: 5629, Time: 00:12:45

Health: -5/45      AC: 21    Str: 18    XL:     7   Next: 57%
Magic:  22/22      EV:  9    Int: 14    God:    Ignis [......]
Gold:   178        SH:  0    Dex:  7    Spells: 13/14 levels left

rFire   . . .      SeeInvis .   a - -1 mace (flame)
rCold   + + .      Faith    .   (no shield)
rNeg    + . .      Spirit   .   l - +0 ice dragon scales
rPois   ∞          Reflect  .   (no helmet)
rElec   +          Harm     .   (no cloak)
rCorr   .          Rampage  .   (no gloves)
Will    +....                   (no boots)
Stlth   ..........              (no amulet)
HPRegen 0.15/turn               q - ring of magical power
MPRegen 0.18/turn               e - ring of willpower

@: fiery-armoured
A: sickness immunity, AC +4, negative energy resistance 1, electricity
resistance, torment resistance 1, petrification resistance
a: Renounce Religion, Rising Flame


You were on level 6 of the Dungeon.
You worshipped Ignis.
Ignis was noncommittal.
You visited 1 branch of the dungeon, and saw 6 of its levels.

You collected 178 gold pieces.

Inventory:

Hand Weapons
 a - a -1 mace of flaming (weapon)
Armour
 l - +0 ice dragon scales (worn)
Jewellery
 e - a ring of willpower (right hand)
 q - a ring of magical power (left hand)
Wands
 p - a wand of polymorph (6)
Scrolls
 b - a scroll of acquirement {unknown}
 c - a scroll of brand weapon {unknown}
 d - 2 scrolls of enchant armour {unknown}
 g - 3 scrolls of identify {unknown}
 j - a scroll of teleportation {unknown}
 k - 3 scrolls of amnesia {unknown}
Potions
 f - 2 potions of heal wounds {unknown}
 h - 2 potions of attraction {unknown}
 i - a potion of cancellation {unknown}
 m - a potion of degeneration {unknown}
 n - 2 potions of mutation {unknown}
 o - a potion of might {unknown}


   Skills:
 * Level 5.9 Fighting
 + Level 4.3 Maces & Flails
 + Level 1.7 Armour
 * Level 4.0 Spellcasting
 + Level 4.3 Fire Magic


You had 13 spell levels left.
You knew the following spells:

 Your Spells              Type           Power      Damage    Failure   Level
a - Foxfire               Conj/Fire      32%        2x1d5     32%         1

Your spell library contained the following spells:

 Spells                   Type           Power      Damage    Failure   Level
 Scorch                   Fire           30%        2d7       21%         2
 Conjure Flame            Conj/Fire      8%         6-21      67%         3
 Inner Flame              Hex/Fire       8%         N/A       67%         3
 Wereblood                Tmut           2%         N/A       75%         2
 Flame Wave               Conj/Fire      8%         2d5       97%         4
 Summon Hydra             Summ           1%         N/A       100%        7
 Sublimation of Blood     Necr           Unusable   N/A       N/A         2

Dungeon Overview and Level Annotations

Branches:
Dungeon (7/15)
 Temple: D:4-7

Altars:
Sif Muna

Annotations:
D:3 2 transporters!, H0rd4k's ghost, amateur DEWz


Innate Abilities, Weirdness & Mutations

You are immune to sickness and miasma.
Your stone body is resilient. (AC +4)
You are immune to poison.
You resist negative energy. (rN+)
You are resistant to electric shocks. (rElec)
You are resistant to unholy torment.
You are immune to petrification.


Message History

The orc warrior hits you with a +0 flail.
The orc warrior closely misses you.
You barely miss the orc warrior. The orc warrior barely misses you.
A protective cloak of flame settles atop you.
You can no longer armour yourself in flame.
You can no longer call a swarm of foxfires against your foes.
The orc warrior hits you but does no damage.
The orc warrior is burned by your cloak of flames.
The orc warrior is lightly wounded.
You hit the orc warrior. You burn the orc warrior.
The orc warrior is lightly wounded.
The orc warrior hits you with a +0 flail!
You hit the orc warrior. You burn the orc warrior.
The orc warrior is heavily wounded.
The orc warrior hits you with a +0 flail!
* * * LOW HITPOINT WARNING * * *
You barely miss the orc warrior.
The orc warrior is heavily wounded.
The orc warrior hits you but does no damage.
The orc warrior is burned by your cloak of flames.
The orc warrior is heavily wounded.
You hit the orc warrior but do no damage.
The orc warrior is heavily wounded.
The orc warrior hits you but does no damage.
The orc warrior is burned by your cloak of flames.
The orc warrior is severely wounded.
You closely miss the orc warrior.
The orc warrior is severely wounded.
The orc warrior hits you but does no damage.
The orc warrior is burned by your cloak of flames.
The orc warrior is severely wounded.
The orc warrior hits you with a +0 flail.
* * * LOW HITPOINT WARNING * * *
Okay, then.
Unknown command.
Okay, then.
You hit the orc warrior. You burn the orc warrior.
The orc warrior is severely wounded.
The orc warrior hits you with a +0 flail!
You die...

........#...#.##..####
........#..... ##...88
.............# #.....
...o..$....#.# #.....
....o......#.####...88
.....o.....#.......###
......Z....#.....#..#≈
########o...#.....##.#≈
#.....@oo.........# .#≈
#.######....#.....# .≈≈
#....#.....# .≈≈
#....#.....# ≈≈
.....##.....# ≈
########.....# #.....#
#.....# #######


You could see an orc warrior and 2 orcs.

Vanquished Creatures
  Grinder (D:3)
  Sigmund (D:2)
  A hound (D:6)
  A jelly (D:6)
  Jessica (D:2)
  An iguana (D:6)
  3 gnolls (D:2)
  A howler monkey zombie (D:6)
  5 adders
  An ufetubus (D:6)
  An adder skeleton (D:3)
  2 worms (D:2)
  3 dart slugs
  8 orcs
  5 ball pythons
  12 endoplasms
  4 giant cockroaches
  6 hobgoblins
  3 jackals (D:3)
  7 kobolds
  3 quokkas
  6 bats
  2 frilled lizards
  A giant cockroach zombie (D:3)
  9 goblins
  A quokka skeleton (D:3)
  5 rats
  A spectral kobold (D:1)
95 creatures vanquished.

Vanquished Creatures (others)
  55 foxfires
  10 plants
  A withered plant (D:3)
66 creatures vanquished.

Grand Total: 161 creatures vanquished

Notes
Turn   | Place    | Note
-------+----------+-------------------------------------------
     0 | D:1      | Kziril the Gargoyle Cinder Acolyte began the quest for the
                  | Orb.
     0 | D:1      | Reached XP level 1. HP: 14/14 MP: 2/2
   206 | D:1      | Reached XP level 2. HP: 19/19 MP: 3/3
   710 | D:1      | Reached XP level 3. HP: 17/23 MP: 5/5
  1072 | D:1      | Found a faded altar of an unknown god.
  1684 | D:2      | Noticed Sigmund
  2083 | D:2      | Killed Sigmund
  2084 | D:2      | Reached skill level 4 in Fighting
  2084 | D:2      | Reached XP level 4. HP: 11/30 MP: 5/8
  2084 | D:2      | Reached XP level 5. HP: 13/34 MP: 5/9
  2489 | D:2      | Reached XP level 6. HP: 22/40 MP: 10/10
  2805 | D:2      | Reached skill level 5 in Fighting
  2813 | D:2      | HP: 1/40 [kobold/+0 short sword (3)]
  2942 | D:2      | Learned a level 1 spell: Foxfire
  3179 | D:2      | Noticed Jessica
  3190 | D:2      | Killed Jessica
  3913 | D:3      | Found a transporter.
  3914 | D:3      | Found a transporter.
  3914 | D:3      | Noticed H0rd4k's ghost (amateur DEWz)
  3986 | D:3      | Noticed Grinder
  3993 | D:3      | Killed Grinder
  3994 | D:3      | Reached skill level 1 in Armour
  3994 | D:3      | Reached XP level 7. HP: 28/44 MP: 10/12
  4533 | D:3      | Found a shimmering blue altar of Sif Muna.
  5134 | D:3      | You fall into a shaft and drop 3 floors!
  5629 | D:6      | Slain by an orc warrior

Illustrated notes

Levels and vault maps discovered:
D:1:      roderic_crossed_star, layout_basic, serial_forest,
          infiniplex_forest_join, infiniplex_forest_lined_3,
          infiniplex_forest_zigzag_1, infiniplex_forest_side_room,
          infiniplex_forest_diagonal, dreamdust_ecumenical_altar_drowned_temple,
          minmay_hexomino_p4
D:2:      layout_loops_ring, hangedman_decor_peaks_small,
          chequers_serial_rivers_small_b, grunt_ministairs_7,
          nicolae_grassy_gnolls, uniq_sigmund, uniq_jessica
D:3:      layout_loops_ring, led_sif_book, serial_undead, serial_undead_d,
          serial_undead_c, serial_undead_e, serial_undead_c,
          gammafunk_ghost_arena, uniq_grinder
D:4:      layout_basic, nicolae_gozag_cash_rules_everything_around_me,
          dk_vineyard_1, grunt_ministairs_2, uniq_pikel, uniq_duvessa
D:6:      wander_river, layout_basic, nicolae_overflow_quartered_altars,
          minmay_temple_entry_statues_pillars, minmay_misc_feat_diagonals
D:7:      layout_cave_pods

Skill      XL: |  1  2  3  4  5  6  7 |
---------------+----------------------+-----
Fighting       | 4 5 |  5.9
Spellcasting   | 2 3 4 |  4.0
Fire Magic     | 4 |  4.3
Maces & Flails | 4 |  4.3
Armour         | 1 |  1.7

Action                   |  1- 3 |  4- 6 |  7- 9 || total
-------------------------+-------+-------+-------++-------
Melee: Mace              |   108 |   130 |    91 ||   329
       Punch             |     1 |     3 |     1 ||     5
 Cast: Foxfire           |       |     2 |    12 ||    14
Invok: Foxfire Swarm     |     1 |     3 |     1 ||     5
       Fiery Armour      |     1 |     2 |     2 ||     5
Armor: Robe              |    51 |    27 |       ||    78
       Skin              |       |    34 |    27 ||    61
       Ice dragon scales |       |       |    15 ||    15
Dodge: Dodged            |    59 |    86 |    63 ||   208
